 Dungeon Crawl Stone Soup version 0.23-a0-143-g1adec7bb76 (webtiles) character file.

2844 PikkenKukken the Cutter (level 9, -7/68 (69) HPs)
             Began as a Demonspawn Fighter on Sept 5, 2018.
             Was a Believer of Okawaru.
             Mangled by an orc warrior
             ... wielding a +0 battleaxe
              (10 damage)
             ... on level 7 of the Dungeon.
             The game lasted 00:15:36 (10160 turns).

PikkenKukken the Cutter (Demonspawn Fighter)       Turns: 10160, Time: 00:15:37

HP:   -7/68 (69)    AC: 18    Str: 18    XL:     9   Next: 46%
MP:   8/9           EV:  5    Int: 16    God:    Okawaru [**....]
Gold: 90            SH: 14    Dex: 14    Spells: 8/8 levels left

rFire    . . .     SeeInvis .   u - +3 short sword
rCold    + . .     Gourm    .   s - +0 large shield of Weqaoc {rN+}
rNeg     + . .     Faith    .   v - +0 plate armour
rPois    .         Spirit   .   (helmet restricted)
rElec    .         Reflect  .   (no cloak)
rCorr    .         Harm     .   (no gloves)
MR       .....                  (no boots)
Stlth    ..........             (no amulet)
HPRegen  0.21/turn              l - +2 ring of evasion
MPRegen  0.11/turn              n - +4 ring of intelligence

@: sanguine armour
A: antennae 1, claws 1, clever 1, cold resistance 1, nightstalker 1, sense
surroundings 1, sanguine armour 1
a: Heroism, Renounce Religion


You were on level 7 of the Dungeon.
You worshipped Okawaru.
Okawaru was pleased with you.
You were not hungry.

You visited 1 branch of the dungeon, and saw 7 of its levels.

You collected 330 gold pieces.
You spent 240 gold pieces at shops.

Inventory:

Hand Weapons
 a - a +0 rapier
 u - a +3 short sword (weapon)
Armour
 s - the +0 large shield of Weqaoc (worn) {rN+}
   (You found it on level 5 of the Dungeon)

   It protects you from negative energy.
 v - a +0 plate armour (worn)
Jewellery
 l - a +2 ring of evasion (left claw)
 n - a +4 ring of intelligence (right claw)
Wands
 b - a wand of iceblast (7)
 c - a wand of scattershot (7)
 d - a wand of disintegration (15)
 o - a wand of flame (29)
Potions
 e - a potion of brilliance {unknown}
 g - 4 potions of curing
 h - a potion of mutation
 i - 2 potions of flight
 j - a potion of invisibility
 k - a potion of heal wounds {unknown}
 m - a potion of degeneration {unknown}
 p - a potion of agility {unknown}
 q - 2 potions of lignification
 r - a potion of resistance {unknown}
 t - 2 potions of haste
Comestibles
 f - 8 rations


   Skills:
 + Level 6.1 Fighting
 * Level 7.3 Short Blades
 + Level 5.6 Armour
 + Level 4.2 Dodging
 + Level 5.6 Shields
 + Level 1.0 Invocations


You had 8 spell levels left.
You didn't know any spells.
Your spell library was empty.

Dungeon Overview and Level Annotations

Branches:
Dungeon (7/15)             Temple (0/1) D:5

Altars:
Ashenzari
Fedhas
Gozag
Nemelex Xobeh
Okawaru
Ru
Xom

Shops:
D:6 !


Innate Abilities, Weirdness & Mutations

You have sharp fingernails.
You are slightly more attuned to the shadows.
When seriously injured, your bleeding wounds create armour. (AC +6)
You have a pair of small antennae on your head.
Your mind is acute. (Int +2)
Your flesh is cold resistant. (rC+)
You passively map a small area around you.


Message History

The orc warrior is severely wounded.
You block the orc's attack. You block the orc warrior's attack.
You hit the orc warrior but do no damage.
The orc warrior is severely wounded.
You hit the orc warrior but do no damage.
The orc warrior is severely wounded.
You block the orc's attack.
The orc warrior hits you with a battleaxe!
* * * LOW HITPOINT WARNING * * *
You hit the orc warrior.
The orc warrior is almost dead.
You hit the orc warrior.
The orc warrior is almost dead.
You feel like a meek peon again.
The orc priest invokes the aid of Beogh against you.
Beogh smites you!
* * * LOW HITPOINT WARNING * * *
The orc hits you but does no damage.
The orc warrior hits you with a battleaxe!
You die...

#........+....#..'....# ,,
,#....##..#....'..#....#
#####....#####....#..#....#
.........#.....############
.........#.....#
#######+##.....#
...............# ###
....>.....########...## ,*
..........#.....@oo.... *
...(......#.....o#.....,
..........#.....## ..##
####....))#.....# .# ,*
'..'....))#.....# # ,
#..#......##'#### ,
####......#.....#**' ,,
##........#.....#,
.#........'.....#, ,, ,


You could see an orc warrior, an orc priest and an orc.

Vanquished Creatures
  A hippogriff (D:7)
  Sigmund (D:6)
  An ice beast (D:5)
  A necrophage (D:6)
  2 ogres
  A phantom (D:2)
  2 centaurs
  2 elf skeletons (D:6)
  3 scorpions
  14 wights
  An electric eel (D:7)
  A howler monkey (D:5)
  A bullfrog zombie (D:6)
  5 hounds (D:5)
  2 bullfrog skeletons
  3 jellies
  2 centaur skeletons
  A human zombie (D:6)
  An orc priest (D:3)
  A human skeleton (D:6)
  An iguana (D:5)
  3 orc wizards
  5 worker ants
  A hound zombie (D:5)
  A hound skeleton (D:6)
  Robin (D:2)
  12 adders
  7 gnolls
  2 oozes
  2 adder skeletons (D:6)
  3 worms
  4 dart slugs (D:1)
  4 leopard geckos
  14 orcs
  4 bats
  4 giant cockroaches
  12 goblins
  10 hobgoblins
  8 jackals
  2 quokkas
  6 frilled lizards
  A giant cockroach zombie (D:6)
  A jackal skeleton (D:4)
  10 kobolds
  A leopard gecko skeleton (D:4)
  An orc skeleton (D:6)
  An orc zombie (D:6)
  4 rats
171 creatures vanquished.

Notes
Turn   | Place    | Note
-------+----------+-------------------------------------------
     0 | D:1      | PikkenKukken the Demonspawn Fighter began the quest for the
                  | Orb.
     0 | D:1      | Reached XP level 1. HP: 18/18 MP: 1/1
   138 | D:1      | Reached skill level 2 in Short Blades
   158 | D:1      | Gained mutation: You are slightly more attuned to the
                  | shadows. [demonic ancestry]
   158 | D:1      | Reached XP level 2. HP: 4/24 MP: 2/2
  1291 | D:2      | Gained mutation: You have sharp fingernails. [demonic
                  | ancestry]
  1291 | D:2      | Reached XP level 3. HP: 20/29 MP: 3/3
  1932 | D:2      | Reached XP level 4. HP: 35/35 MP: 4/4
  1971 | D:2      | Noticed a phantom
  1988 | D:2      | Killed a phantom
  1988 | D:2      | Reached skill level 3 in Short Blades
  1988 | D:2      | Reached XP level 5. HP: 27/42 MP: 5/5
  2168 | D:2      | Noticed Robin
  2189 | D:2      | Killed Robin
  2556 | D:2      | Found a sparkling altar of Nemelex Xobeh.
  3597 | D:3      | Reached XP level 6. HP: 34/48 MP: 6/6
  3972 | D:4      | Reached skill level 4 in Short Blades
  4573 | D:4      | Reached skill level 1 in Dodging
  4735 | D:4      | Reached XP level 7. HP: 35/55 MP: 7/7
  5198 | D:4      | Found a sacrificial altar of Ru.
  5244 | D:5      | Entered Level 5 of the Dungeon
  5492 | D:5      | Found a blossoming altar of Fedhas.
  5493 | D:5      | Got a steaming large shield
  5504 | D:5      | Identified the cursed +0 large shield of Weqaoc {rN+} (You
                  | found it on level 5 of the Dungeon)
  5731 | D:5      | Reached skill level 5 in Short Blades
  5753 | D:5      | Found an iron altar of Okawaru.
  5758 | D:5      | Became a worshipper of Warmaster Okawaru
  5947 | D:5      | Found a staircase to the Ecumenical Temple.
  6542 | D:5      | Found a shimmering altar of Xom.
  6608 | D:5      | Reached XP level 8. HP: 40/61 MP: 8/8
  6710 | D:5      | Reached skill level 5 in Fighting
  6768 | D:5      | Found an opulent altar of Gozag.
  6942 | D:6      | Reached * piety under Okawaru
  6980 | D:6      | HP: 2/61 [wight/enchanted short sword (3)]
  7004 | D:6      | Found Xonenk's Distillery.
  7113 | D:6      | Found a shattered altar of Ashenzari.
  7141 | D:6      | Noticed Sigmund
  7164 | D:6      | Killed Sigmund
  7164 | D:6      | Reached skill level 6 in Short Blades
  7677 | D:6      | Reached skill level 5 in Armour
  7677 | D:6      | Reached skill level 5 in Shields
  7741 | D:6      | HP: 1/62 [wight/trident (5)]
  7767 | D:6      | Reached ** piety under Okawaru
  8446 | D:5      | Gained mutation: When seriously injured, your bleeding
                  | wounds create armour. (AC +6) [demonic ancestry]
  8446 | D:5      | Reached XP level 9. HP: 56/68 MP: 9/9
  8753 | D:6      | Bought a potion of mutation for 120 gold pieces
  8753 | D:6      | Bought a potion of mutation for 120 gold pieces
  8753 | D:6      | Gained mutation: You passively map a small area around you.
                  | [potion of mutation]
  8753 | D:6      | Gained mutation: Your flesh is cold resistant. (rC+)
                  | [potion of mutation]
  8753 | D:6      | Gained mutation: You have a pair of small antennae on your
                  | head. [potion of mutation]
  8753 | D:6      | Gained mutation: Your mind is acute. (Int +2) [potion of
                  | mutation]
  9603 | D:7      | Reached skill level 7 in Short Blades
  9615 | D:7      | HP: 1/68 [hippogriff (4)]
 10116 | D:7      | Reached skill level 1 in Invocations
 10160 | D:7      | HP: 3/68 [orc priest/divine providence (11)]
 10160 | D:7      | Mangled by an orc warrior

Vault maps used:
D:1:      shiori_arrival_oz
D:2:      nemelex_dance_club_becter, uniq_robin
D:4:      lemuel_statue_altar
D:5:      okawaru_metal_pillars_1_2, lemuel_doored_altar, kennysheep_mini_moat,
          fedhas_altar_4, minmay_temple_entry_overgrown, first_ration,
          nrook_pool_corridor
D:6:      cheibrodos_ashenzari_chains, nicolae_ossuary_entry_catacombs,
          serial_shops, shop, uniq_sigmund
D:7:      kennysheep_big_flooded_room, nicolae_dithmenos_the_darkroom,
          lemuel_round_altar, serial_shops, shop

Skill      XL: |  1  2  3  4  5  6  7  8  9 |
---------------+----------------------------+-----
Short Blades   | 2 3 4 5 6 7 |  7.3
Armour         | 3 4 5 |  5.6
Shields        | 3 4 5 |  5.6
Fighting       | 4 5 6 |  6.1
Dodging        | 1 2 3 4 |  4.2
Invocations    | 1 |  1.0

Action                   |  1- 3 |  4- 6 |  7- 9 || total
-------------------------+-------+-------+-------++-------
Melee: Rapier            |    90 |   330 |   345 ||   765
       Short sword       |       |       |   373 ||   373
Invok: Heroism           |       |       |     3 ||     3
  Use: Scroll            |     4 |     2 |     9 ||    15
       Potion            |       |     1 |     4 ||     5
  Eat: Chunk             |     3 |    10 |    11 ||    24
       Ration            |       |       |     2 ||     2
Armor: Scale mail        |    24 |     4 |       ||    28
       Chain mail        |       |   129 |   228 ||   357
       Plate armour      |       |       |    49 ||    49
Dodge: Dodged            |    17 |    86 |   111 ||   214
Block: Shield            |    45 |   147 |    21 ||   213
       Large shield      |       |       |   490 ||   490

Table legend:
 A = Non-vault XP
 B = Vault XP
 C = Vault XP percentage of total XP
 D = Non-vault monster count
 E = Vault monster count
 F = Vault count percentage of total count
                 A         B        C        D         E       F
            +---------+---------+-------+---------+---------+-------
      Total |    3275 |     789 |  19.4 |     148 |      23 |  13.5
            +---------+---------+-------+---------+---------+-------
        D:1 |      67 |       1 |   1.5 |      19 |       1 |   5.0
        D:2 |     171 |      42 |  19.7 |      16 |      13 |  44.8
        D:3 |     200 |       0 |   0.0 |      25 |       0 |   0.0
        D:4 |     362 |       0 |   0.0 |      23 |       0 |   0.0
        D:5 |    1149 |       0 |   0.0 |      32 |       0 |   0.0
        D:6 |     770 |     457 |  37.2 |      17 |       7 |  29.2
        D:7 |     556 |     289 |  34.2 |      16 |       2 |  11.1
            +---------+---------+-------+---------+---------+-------
